TOP OF THE 1ST |
Portland Privateers batting - Pitching for Allentown Hillbillies : RHP Carlos García
|
Pitching: RHP Carlos García
|
|
Batting: RHB Carlos Castro
|
0-0: Ball 1-0: Ball 2-0: Ball 3-0: Called Strike 3-1: Foul Ball, location: 2F 3-2: Ground out 5-3 (Groundball, 5)
|
Batting: LHB Yasuhiko Onodera
|
0-0: Called Strike 0-1: Swinging Strike 0-2: Ball 1-2: Ball 2-2: Strikes out swinging
|
Batting: SHB Jacob Knapp
|
0-0: Ground out 4-3 (Groundball, 4)
|
Top of the 1st over - 0 runs, 0 hits, 0 errors, 0 left on base; Portland 0 - Allentown 0 |
BOTTOM OF THE 1ST |
Allentown Hillbillies batting - Pitching for Portland Privateers : RHP José García
|
Pitching: RHP José García
|
|
Batting: LHB António Salazar
|
0-0: Ground out U3 (Groundball, 3L)
|
Batting: RHB Jeff Townsley
|
0-0: Ball 1-0: Ball 2-0: Ball 3-0: Called Strike 3-1: Base on Balls
|
Batting: RHB Albert Lutz
|
0-0: Ball Jeff Townsley is caught stealing 2nd base 1-0: Ball 2-0: Ball 3-0: Base on Balls
|
Batting: RHB Germano Labrego
|
0-0: Called Strike 0-1: Ball 1-1: Called Strike 1-2: Ball 2-2: Foul Ball, location: 2F 2-2: Foul Ball, location: 2F 2-2: Ball 3-2: Foul Ball, location: 2F 3-2: Base on Balls Albert Lutz to second
|
Batting: RHB Robert Bly
|
0-0: Ball 1-0: Fly out, F7 (Flyball, 78S)
|
Bottom of the 1st over - 0 runs, 0 hits, 0 errors, 2 left on base; Portland 0 - Allentown 0 |
TOP OF THE 2ND |
Portland Privateers batting - Pitching for Allentown Hillbillies : RHP Carlos García
|
Batting: RHB José Balina
|
0-0: Foul Ball, location: 2F 0-1: Ground out 3-1 (Groundball, 34S)
|
Batting: SHB Cory Campbell
|
0-0: Foul Ball, location: 2F 0-1: Ball 1-1: Ball 2-1: Ball 3-1: Base on Balls
|
Batting: SHB Patrick Larson
|
0-0: Ball 1-0: Ball 2-0: Swinging Strike 2-1: Ball 3-1: Base on Balls Cory Campbell to second
|
Batting: RHB John Mendelson
|
0-0: Ball 1-0: Ball Cory Campbell steals 3rd base Patrick Larson to second 2-0: Ball 3-0: Base on Balls
|
Batting: LHB Francisco Vega
|
0-0: Ball 1-0: Ball 2-0: Ball 3-0: Base on Balls Cory Campbell scores Patrick Larson to third John Mendelson to second
|
Batting: SHB Luis Manuel López
|
0-0: Called Strike 0-1: Ball 1-1: Ball 2-1: Foul Ball, location: 2F 2-2: Ball 3-2: Base on Balls Patrick Larson scores John Mendelson to third Francisco Vega to second
|
Batting: RHB Carlos Castro
|
0-0: Ball 1-0: SINGLE (Groundball, 34D) John Mendelson scores Francisco Vega to third Luis Manuel López to second
|
Batting: LHB Yasuhiko Onodera
|
0-0: Swinging Strike 0-1: Fly out, F8 (Flyball, 8LD) Runner from 3rd tags up, SCORES, no throw
|
Batting: SHB Jacob Knapp
|
0-0: Ball 1-0: Called Strike 1-1: Foul Ball, location: 2F 1-2: Foul Ball, location: 2F 1-2: Ball 2-2: Ball 3-2: Ground out 4-3 (Groundball, 4M)
|
Top of the 2nd over - 4 runs, 1 hit, 0 errors, 2 left on base; Portland 4 - Allentown 0 |
BOTTOM OF THE 2ND |
Allentown Hillbillies batting - Pitching for Portland Privateers : RHP José García
|
Batting: RHB Justin Harris
|
0-0: Ball 1-0: Fly out, F6 (Popup, 6)
|
Batting: RHB Marc Cox
|
0-0: Called Strike 0-1: Ball 1-1: Swinging Strike 1-2: Strikes out swinging
|
Batting: RHB Juan Magdayao
|
0-0: Ball 1-0: Ball 2-0: Ball 3-0: Base on Balls
|
Batting: LHB Russell Ewing
|
0-0: Called Strike 0-1: Ball 1-1: Ball 2-1: Foul Ball, location: 2F 2-2: Ball 3-2: Base on Balls Juan Magdayao to second
|
Batting: LHB António Salazar
|
0-0: Ball 1-0: Called Strike 1-1: Called Strike 1-2: Fly out, F4 (Line Drive, 4S)
|
Bottom of the 2nd over - 0 runs, 0 hits, 0 errors, 2 left on base; Portland 4 - Allentown 0 |
TOP OF THE 3RD |
Portland Privateers batting - Pitching for Allentown Hillbillies : RHP Carlos García
|
Batting: RHB José Balina
|
0-0: Ground out 4-3 (Groundball, 4S)
|
Batting: SHB Cory Campbell
|
0-0: Ball 1-0: Swinging Strike 1-1: Swinging Strike 1-2: Ball 2-2: Strikes out looking
|
Batting: SHB Patrick Larson
|
0-0: Called Strike 0-1: Ground out 4-3 (Groundball, 4)
|
Top of the 3rd over - 0 runs, 0 hits, 0 errors, 0 left on base; Portland 4 - Allentown 0 |
BOTTOM OF THE 3RD |
Allentown Hillbillies batting - Pitching for Portland Privateers : RHP José García
|
Batting: RHB Jeff Townsley
|
0-0: SOLO HOME RUN (Line Drive, 89XD), Distance : 403 ft
|
Batting: RHB Albert Lutz
|
0-0: Ball 1-0: Foul Ball, location: 2F 1-1: SINGLE (Groundball, 56S) (infield hit)
|
Batting: RHB Germano Labrego
|
0-0: Ball 1-0: Called Strike 1-1: SINGLE (Line Drive, 7S) Albert Lutz to second
|
Batting: RHB Robert Bly
|
0-0: Ball 1-0: SINGLE (Flyball, 78M) Albert Lutz to third Germano Labrego to second Runner from 3rd tries for Home, SAFE, no throw
|
Batting: RHB Justin Harris
|
0-0: Ball 1-0: Called Strike 1-1: Ball 2-1: Foul Ball, location: 2F 2-2: Ball 3-2: SINGLE (Line Drive, 78M) Germano Labrego to third Robert Bly to second Throwing error, E8 Germano Labrego scores Robert Bly to third Justin Harris to second
|
Batting: RHB Marc Cox
|
0-0: Ball 1-0: Ball 2-0: Called Strike 2-1: Ball 3-1: Foul Ball, location: 2F 3-2: Base on Balls
|
Pitching: RHP Gerald Núñez
|
|
Batting: RHB Juan Magdayao
|
0-0: Called Strike 0-1: Ball 1-1: Ball 2-1: Called Strike 2-2: Fly out, F9 (Flyball, 9) Runner from 3rd tags up, SCORES, throw made
|
Batting: LHB Russell Ewing
|
0-0: Foul Ball, location: 2F 0-1: Ball Justin Harris is caught stealing 3rd base Marc Cox to second 1-1: Called Strike 1-2: Ball 2-2: Foul Ball, location: 2F 2-2: Ball 3-2: Ground out 4-3 (Groundball, 4)
|
Bottom of the 3rd over - 4 runs, 5 hits, 1 error, 1 left on base; Portland 4 - Allentown 4 |
TOP OF THE 4TH |
Portland Privateers batting - Pitching for Allentown Hillbillies : RHP Carlos García
|
Batting: RHB John Mendelson
|
0-0: SOLO HOME RUN (Flyball, 7LD), Distance : 377 ft
|
Pitching: RHP Millard Manning
|
|
Batting: LHB Francisco Vega
|
0-0: Ball 1-0: Ball 2-0: Ground out 3-1 (Groundball, 34S)
|
Batting: SHB Luis Manuel López
|
0-0: Foul Ball, location: 2F 0-1: Called Strike 0-2: Ground out 5-3 (Groundball, 25)
|
Batting: RHB Carlos Castro
|
0-0: Ball 1-0: Ball 2-0: Swinging Strike 2-1: Ball 3-1: Foul Ball, location: 2F 3-2: SINGLE (Groundball, 34D)
|
Batting: LHB Yasuhiko Onodera
|
0-0: Called Strike 0-1: Called Strike 0-2: Ball 1-2: Ball 2-2: Ground out 4-3 (Groundball, 4)
|
Top of the 4th over - 1 run, 2 hits, 0 errors, 1 left on base; Portland 5 - Allentown 4 |
BOTTOM OF THE 4TH |
Allentown Hillbillies batting - Pitching for Portland Privateers : RHP Gerald Núñez
|
Batting: LHB António Salazar
|
0-0: Ball 1-0: Swinging Strike 1-1: Fly out, F4 (Popup, 23)
|
Batting: RHB Jeff Townsley
|
0-0: Ball 1-0: Ball 2-0: Ball 3-0: Base on Balls
|
Batting: RHB Albert Lutz
|
0-0: Called Strike 0-1: Ball 1-1: SINGLE (Flyball, 8RS) Jeff Townsley to second
|
Batting: RHB Germano Labrego
|
0-0: Called Strike Jeff Townsley steals 3rd base Albert Lutz to second 0-1: SINGLE (Line Drive, 6D) Jeff Townsley scores Albert Lutz to third Runner from 3rd tries for Home, SAFE, no throw
|
Batting: RHB Robert Bly
|
0-0: Ball 1-0: Foul Ball, location: 2F 1-1: Grounds into double play, 5-4-3 (Groundball, 56)
|
Bottom of the 4th over - 2 runs, 2 hits, 0 errors, 0 left on base; Portland 5 - Allentown 6 |
TOP OF THE 5TH |
Portland Privateers batting - Pitching for Allentown Hillbillies : RHP Millard Manning
|
Batting: SHB Jacob Knapp
|
0-0: Ball 1-0: Ground out 4-3 (Groundball, 4)
|
Batting: RHB José Balina
|
0-0: Called Strike 0-1: Foul Ball, location: 2F 0-2: Ball 1-2: Ball 2-2: Ball 3-2: Reached via error on a dropped throw, E1
|
Batting: SHB Cory Campbell
|
0-0: Fielders Choice at 2nd, 1-4 (Groundball, 15)
|
Batting: SHB Patrick Larson
|
0-0: Called Strike 0-1: Ball 1-1: Swinging Strike 1-2: Strikes out swinging
|
Top of the 5th over - 0 runs, 0 hits, 1 error, 1 left on base; Portland 5 - Allentown 6 |
BOTTOM OF THE 5TH |
Allentown Hillbillies batting - Pitching for Portland Privateers : RHP Gerald Núñez
|
Batting: RHB Justin Harris
|
0-0: Foul Ball, location: 2F 0-1: Called Strike 0-2: Ball 1-2: Foul Ball, location: 2F 1-2: SOLO HOME RUN (Flyball, 7LD), Distance : 364 ft
|
Batting: RHB Marc Cox
|
0-0: Ball 1-0: Fly out, F9 (Flyball, 89S)
|
Batting: RHB Juan Magdayao
|
0-0: Fly out, F9 (Flyball, 9)
|
Batting: LHB Russell Ewing
|
0-0: Ball 1-0: Fly out, F8 (Flyball, 8LM)
|
Bottom of the 5th over - 1 run, 1 hit, 0 errors, 0 left on base; Portland 5 - Allentown 7 |
TOP OF THE 6TH |
Portland Privateers batting - Pitching for Allentown Hillbillies : RHP Millard Manning
|
Batting: RHB John Mendelson
|
0-0: Foul Ball, location: 2F 0-1: Foul Ball, location: 2F 0-2: SINGLE (Flyball, 8RS)
|
Batting: LHB Francisco Vega
|
0-0: Foul Ball, location: 2F 0-1: Ball 1-1: Ball 2-1: Fielders Choice at 2nd, 6-4 (Groundball, 6M)
|
Batting: SHB Luis Manuel López
|
0-0: Fly out, F8 (Flyball, 8LS)
|
Batting: RHB Carlos Castro
|
0-0: Ground out 3-1 (Groundball, 34S)
|
Top of the 6th over - 0 runs, 1 hit, 0 errors, 1 left on base; Portland 5 - Allentown 7 |
BOTTOM OF THE 6TH |
Allentown Hillbillies batting - Pitching for Portland Privateers : RHP Gerald Núñez
|
Pitching: RHP Dan Ford
|
|
Batting: LHB António Salazar
|
0-0: DOUBLE (Line Drive, 89D)
|
Batting: RHB Jeff Townsley
|
0-0: Called Strike 0-1: Ball 1-1: Swinging Strike 1-2: Ground out 5-3 (Groundball, 5L)
|
Batting: RHB Albert Lutz
|
0-0: Foul Ball, location: 2F 0-1: Ball 1-1: Foul Ball, location: 2F 1-2: Fly out, F8 (Line Drive, 8LM)
|
Batting: RHB Germano Labrego
|
0-0: Ball 1-0: Foul Ball, location: 2F 1-1: Foul Ball, location: 2F 1-2: Strikes out swinging passed ball, reaches first! António Salazar to third
|
Batting: RHB Robert Bly
|
0-0: Called Strike 0-1: Foul Ball, location: 2F 0-2: Fly out, F8 (Line Drive, 89D)
|
Bottom of the 6th over - 0 runs, 1 hit, 0 errors, 2 left on base; Portland 5 - Allentown 7 |
TOP OF THE 7TH |
Portland Privateers batting - Pitching for Allentown Hillbillies : RHP Millard Manning
|
Pitching: LHP Alejandro Castillo
|
|
Batting: LHB Yasuhiko Onodera
|
0-0: Called Strike 0-1: Ball 1-1: Ball 2-1: SINGLE (Groundball, 56D)
|
Batting: SHB Jacob Knapp
|
0-0: Swinging Strike 0-1: Called Strike 0-2: Strikes out swinging
|
Batting: RHB José Balina
|
0-0: SINGLE (Line Drive, 34) Yasuhiko Onodera to second
|
Pinch Hitting: RHB Joe Bailey
|
0-0: Called Strike 0-1: Fly out, F8 (Flyball, 89M)
|
Batting: SHB Patrick Larson
|
0-0: Called Strike 0-1: Swinging Strike 0-2: Ball 1-2: Ball 2-2: Ball 3-2: Base on Balls Yasuhiko Onodera to third José Balina to second
|
Batting: RHB John Mendelson
|
0-0: Ball 1-0: Called Strike 1-1: Ball 2-1: Ball 3-1: Called Strike 3-2: SINGLE (Groundball, 3) (infield hit) Yasuhiko Onodera scores José Balina to third Patrick Larson to second
|
Batting: LHB Francisco Vega
|
0-0: Called Strike 0-1: Fielders Choice at 2nd, 6-4 (Groundball, 6)
|
Top of the 7th over - 1 run, 3 hits, 0 errors, 3 left on base; Portland 6 - Allentown 7 |
BOTTOM OF THE 7TH |
Allentown Hillbillies batting - Pitching for Portland Privateers : RHP Dan Ford
|
Now at 1B: Joe Bailey
|
|
Batting: RHB Justin Harris
|
0-0: Ball 1-0: Ground out 6-3 (Groundball, 6)
|
Batting: RHB Marc Cox
|
0-0: Called Strike 0-1: Fly out, F9 (Line Drive, 89D)
|
Batting: RHB Juan Magdayao
|
0-0: Ball 1-0: Ball 2-0: Ball 3-0: Base on Balls
|
Batting: LHB Russell Ewing
|
0-0: Fly out, F6 (Line Drive, 6M)
|
Bottom of the 7th over - 0 runs, 0 hits, 0 errors, 1 left on base; Portland 6 - Allentown 7 |
TOP OF THE 8TH |
Portland Privateers batting - Pitching for Allentown Hillbillies : LHP Alejandro Castillo
|
Batting: SHB Luis Manuel López
|
0-0: Ball 1-0: Foul Ball, location: 2F 1-1: Ball 2-1: Foul Ball, location: 2F 2-2: Strikes out swinging
|
Batting: RHB Carlos Castro
|
0-0: SINGLE (Line Drive, 89S)
|
Batting: LHB Yasuhiko Onodera
|
0-0: Ball 1-0: Called Strike 1-1: Fielders Choice at 2nd, 4-6 (Groundball, 34D)
|
Batting: SHB Jacob Knapp
|
0-0: Fly out, F5 (Line Drive, 5S)
|
Top of the 8th over - 0 runs, 1 hit, 0 errors, 1 left on base; Portland 6 - Allentown 7 |
BOTTOM OF THE 8TH |
Allentown Hillbillies batting - Pitching for Portland Privateers : RHP Dan Ford
|
Batting: LHB António Salazar
|
0-0: Ball 1-0: Fly out, F1 (Line Drive, 13)
|
Batting: RHB Jeff Townsley
|
0-0: Foul Ball, location: 2F 0-1: Ball 1-1: Called Strike 1-2: Ground out 6-3 (Groundball, 56D)
|
Batting: RHB Albert Lutz
|
0-0: Ball 1-0: Foul Ball, location: 2F 1-1: Foul Ball, location: 2F 1-2: Foul Ball, location: 2F 1-2: Foul Ball, location: 2F 1-2: Foul Ball, location: 2F 1-2: Foul Ball, location: 2F 1-2: Ball 2-2: Fly out, F8 (Flyball, 8LXD)
|
Bottom of the 8th over - 0 runs, 0 hits, 0 errors, 0 left on base; Portland 6 - Allentown 7 |
TOP OF THE 9TH |
Portland Privateers batting - Pitching for Allentown Hillbillies : LHP Alejandro Castillo
|
Now at 1B: Hubert Brown
|
|
Batting: RHB José Balina
|
0-0: Ball 1-0: Called Strike 1-1: Swinging Strike 1-2: Ball 2-2: Ball 3-2: Strikes out swinging
|
Batting: RHB Joe Bailey
|
0-0: SINGLE (Groundball, 34D)
|
Batting: SHB Patrick Larson
|
0-0: Grounds into double play, 4-6-3 (Groundball, 34)
|
Top of the 9th over - 0 runs, 1 hit, 0 errors, 0 left on base; Portland 6 - Allentown 7 |
|